 Dungeon Crawl Stone Soup version 0.28-a0-726-g4a9143789a (webtiles) character file.

Game seed: 13419303073245433029

664 zero the Covert (level 7, -6/33 HPs)
             Began as a Spriggan Enchanter on Oct 27, 2021.
             Mangled by a wyvern zombie (13 damage)
             ... on level 5 of the Dungeon.
             The game lasted 00:05:50 (4822 turns).

zero the Covert (Spriggan Enchanter)                Turns: 4822, Time: 00:05:51

Health: -6/33      AC:  3    Str: 10    XL:     7   Next: 31%
Magic:  7/14       EV: 17    Int: 18    God:
Gold:   235        SH:  0    Dex: 16    Spells: 9/14 levels left

rFire   . . .      SeeInvis +   h - +2 dagger (drain)
rCold   . . .      Faith    .   (shield restricted)
rNeg    . . .      Spirit   .   b - +0 robe
rPois   +          Reflect  .   (helmet restricted)
rElec   .          Harm     .   f - +0 cloak
rCorr   .          Rampage  .   (gloves unavailable)
Will    +....                   (boots unavailable)
Stlth   ++++......              (no amulet)
HPRegen 0.11/turn               p - ring of poison resistance
MPRegen 0.14/turn               v - +6 ring of strength

@: very quick
A: very small, no large weapons, unfitting armour, see invisible, speed 3
a: no special abilities


You were on level 5 of the Dungeon.
You visited 1 branch of the dungeon, and saw 6 of its levels.

You collected 235 gold pieces.

Inventory:

Hand Weapons
 a - a +1 dagger
 h - a +2 dagger of draining (weapon)
Armour
 b - a +0 robe (worn)
 f - a +0 cloak (worn)
Jewellery
 p - a ring of poison resistance (left hand)
 v - a +6 ring of strength (right hand)
Wands
 n - a wand of iceblast (9)
 r - a wand of mindburst (6)
Scrolls
 d - 6 scrolls of identify {unknown}
 g - a scroll of silence {unknown}
 l - a scroll of enchant weapon {unknown}
 m - a scroll of brand weapon {unknown}
 q - a scroll of immolation {unknown}
 s - 3 scrolls of teleportation {unknown}
 w - a scroll of summoning {unknown}
 x - a scroll of blinking {unknown}
Potions
 c - a potion of invisibility
 e - 3 potions of might {unknown}
 i - a potion of ambrosia {unknown}
 j - a potion of lignification {unknown}
 k - a potion of haste {unknown}
 o - a potion of brilliance {unknown}
 t - a potion of mutation {unknown}
 u - a potion of experience {unknown}
 z - a potion of degeneration {unknown}


   Skills:
 - Level 1.0 Fighting
 - Level 4.0 Short Blades
 - Level 3.0 Dodging
 - Level 8.0 Stealth
 - Level 4.0 Spellcasting
 + Level 6.4 Hexes
 - Level 1.0 Ice Magic
 - Level 1.0 Evocations


You had 9 spell levels left.
You knew the following spells:

 Your Spells              Type           Power      Damage    Failure   Level
a - Ensorcelled Hibernat  Hex/Ice        32%        N/A       4%          2
b - Confusing Touch       Hex            26%        N/A       3%          3

Your spell library contained the following spells:

 Spells                   Type           Power      Damage    Failure   Level
 Tukima's Dance           Hex            26%        N/A       3%          3
 Dazzling Flash           Conj/Hex       30%        N/A       12%         3
 Gell's Gravitas          Tloc           1%         N/A       41%         3
 Lesser Beckoning         Tloc           3%         N/A       41%         3
 Teleport Other           Tloc           3%         N/A       41%         3


Dungeon Overview and Level Annotations

Branches:
Dungeon (6/15)
 Temple: D:4-7

Altars:
Nemelex Xobeh
Ru
Sif Muna
Trog
Wu Jian
Zin

Shops:
D:2 :

Annotations:
D:4 2 transporters, Ska's ghost, amateur MiBe
D:5 exclusion: downstairs


Innate Abilities, Weirdness & Mutations

You are very small and have problems with some larger weapons.
You are too small for most types of armour.
You have supernaturally acute eyesight. (SInv)
You cover ground extremely quickly. (Speed+++)


Message History

You hit the phantom but do no damage. The phantom hits you.
You hit the phantom but do no damage.
The phantom appears confused.
You hit the phantom.
The phantom is lightly damaged.
The phantom hits you but does no damage.
The wyvern zombie misses you.
Casting: Confusing Touch (dangerous; 3% risk of failure)
Confirm with . or Enter, or press ? or * to list all spells.
Your hands begin to glow red.
The phantom misses you. The wyvern zombie misses you.
You hit the wyvern zombie but do no damage.
The wyvern zombie is lightly damaged.
The wyvern zombie bites you!
You hit the wyvern zombie but do no damage.
The wyvern zombie appears confused.
The wyvern zombie is lightly damaged.
You hit the wyvern zombie.
The wyvern zombie is lightly damaged.
The wyvern zombie bites the phantom.
The wyvern zombie bites itself!
You hit the wyvern zombie but do no damage.
The wyvern zombie is heavily damaged.
You hit the wyvern zombie.
The wyvern zombie is heavily damaged.
The wyvern zombie barely misses you.
You hit the wyvern zombie.
The wyvern zombie is heavily damaged.
The wyvern zombie barely misses you.
You hit the wyvern zombie.
The wyvern zombie is severely damaged.
The wyvern zombie bites you.
* * * LOW HITPOINT WARNING * * *
You hit the wyvern zombie but do no damage.
The wyvern zombie is severely damaged.
The wyvern zombie misses you.
You hit the wyvern zombie but do no damage.
The wyvern zombie is severely damaged.
You hit the wyvern zombie.
The wyvern zombie is severely damaged.
The wyvern zombie bites you!
You die...

#.....#. ...# ..###
.....#.####..# ###.#..
........##>.# #...#.# #.#
#...)...#
#.#.#.####.#####.##.##
.................##†#
#)##..#)##.##.##.##.# #
##.##.....#.##.##.##.##
####.##...#.@Z..........))...
#..............##.#####.#)###
......##.#.##.###..#####.#)##.
##.## ..# ##W#.........#.#⌠.
...... #.#...######..._
..#.##.# ###...# #..⌠. . .. .#
#...# ####. .. # #...# #. #.
#...# #.


You could see a phantom (confused) and a wyvern zombie (confused).

Vanquished Creatures
  A hornet zombie (D:5)
  An ogre (D:5)
  A scorpion (D:5)
  2 hounds
  2 orc priests (D:5)
  2 iguanas
  Ijyb (D:3)
  2 orc wizards
  A killer bee zombie (D:5)
  A howler monkey zombie (D:5)
  2 adders
  4 worms
  2 dart slugs
  23 orcs
  10 endoplasms
  5 giant cockroaches
  6 hobgoblins
  4 jackals
  8 kobolds
  2 quokkas
  7 ball pythons
  4 bats
  2 frilled lizards (D:2)
  7 goblins
  5 rats
105 creatures vanquished.

Vanquished Creatures (others)
  A plant (D:1)
1 creature vanquished.

Grand Total: 106 creatures vanquished

Notes
Turn   | Place    | Note
-------+----------+-------------------------------------------
     0 | D:1      | zero the Spriggan Enchanter began the quest for the Orb.
     0 | D:1      | Reached XP level 1. HP: 9/9 MP: 5/5
   198 | D:1      | Found a faded altar of an unknown god.
   414 | D:1      | Reached XP level 2. HP: 13/13 MP: 6/6
   452 | D:1      | Reached skill level 5 in Stealth
   465 | D:1      | Learned a level 2 spell: Ensorcelled Hibernation
  1120 | D:2      | Reached XP level 3. HP: 13/16 MP: 8/8
  1124 | D:2      | Learned a level 3 spell: Confusing Touch
  1182 | D:2      | Found a sacrificial altar of Ru.
  1261 | D:2      | Reached skill level 6 in Stealth
  1276 | D:2      | Reached XP level 4. HP: 14/21 MP: 2/9
  1702 | D:2      | Found Imyan's Book Boutique.
  1803 | D:3      | Reached skill level 7 in Stealth
  1875 | D:3      | Noticed Ijyb
  1882 | D:3      | Killed Ijyb
  1989 | D:2      | Reached XP level 5. HP: 19/24 MP: 7/10
  2197 | D:3      | Found a glowing silver altar of Zin.
  2354 | D:3      | Found a shimmering blue altar of Sif Muna.
  2404 | D:3      | Reached skill level 1 in Evocations
  2727 | D:3      | Found a bloodstained altar of Trog.
  3322 | D:4      | Noticed Ska's ghost (amateur MiBe)
  3351 | D:4      | Found an ornate altar of the Wu Jian Council.
  3420 | D:4      | Found a transporter.
  3442 | D:4      | Found a transporter.
  4130 | D:5      | Entered Level 5 of the Dungeon
  4136 | D:5      | Reached skill level 1 in Fighting
  4419 | D:5      | Noticed an ogre
  4424 | D:5      | Killed an ogre
  4425 | D:5      | Reached skill level 8 in Stealth
  4425 | D:5      | Reached skill level 1 in Ice Magic
  4425 | D:5      | Reached XP level 6. HP: 28/30 MP: 8/11
  4469 | D:5      | Found a sparkling altar of Nemelex Xobeh.
  4609 | D:5      | Reached skill level 5 in Hexes
  4644 | D:5      | Reached XP level 7. HP: 28/33 MP: 4/14
  4822 | D:5      | Mangled by a wyvern zombie

Illustrated notes

Levels and vault maps discovered:
D:1:      dpeg_arrival_arbitrary_c, layout_loops_ring,
          dreamdust_ecumenical_altar_hidden_monk_grotto
D:2:      minmay_chambers_of_ones, layout_rooms, basic_altar, serial_shops,
          nicolae_square_shop, eino_tiny_chamber, minmay_between
D:3:      layout_rooms, lemuel_blue_sif_altar,
          mainiacjoe_overflow_catch_the_wave, st_stairs_8,
          corexii_item_surrounded_by_moat, chequers_serial_rivers_room_b,
          uniq_ijyb
D:4:      layout_loops_ring, nicolae_wu_jian_wuxing_cycle,
          gammafunk_ghost_stat_death
D:5:      layout_loops_cross, nemelex_xobeh_ov_fountains_minmay,
          minmay_fountain_box
D:6:      layout_loops_ring, mainiacjoe_overflow_alcove_1, serial_bayou,
          serial_bayou_crossing, serial_bayou_pond_e, serial_bayou_lagoon_b,
          serial_bayou_pond_d, serial_bayou_shore_a

Skill      XL: |  1  2  3  4  5  6  7 |
---------------+----------------------+-----
Stealth        | 5 6 7 8 |  8.0
Short Blades   | 2 3 4 |  4.0
Dodging        | 3 |  3.0
Evocations     | 1 |  1.0
Spellcasting   | 3 4 |  4.0
Hexes          | 4 5 6 |  6.4
Fighting       | 1 |  1.0
Ice Magic      | 1 |  1.0

Action                   |  1- 3 |  4- 6 |  7- 9 || total
-------------------------+-------+-------+-------++-------
Melee: Dagger            |    75 |   136 |    36 ||   247
 Cast: Ensorcelled Hiber |     4 |    45 |     2 ||    51
       Confusing Touch   |       |     2 |     4 ||     6
 Stab: Sleeping          |    15 |    37 |     2 ||    54
       Distracted        |     2 |       |       ||     2
       Confused          |       |     1 |     2 ||     3
Armor: Robe              |     7 |    10 |     2 ||    19
Dodge: Dodged            |    44 |    91 |    21 ||   156

Table legend: (Time is in decaauts)
 A = Elapsed time spent in this place.
 B = Non-inter-level travel time spent in this place.
 C = Inter-level travel time spent in this place.
 D = Time resting spent in this place.
 E = Time spent auto-exploring this place.
 F = Levels seen in this place.
 G = Mean time per level.
                   A        B        C        D        E       F      G
               +--------+--------+--------+--------+--------+-----+--------+
         Total |   3828 |   3758 |     70 |   1499 |   1542 |   6 |  638.0 |
       Dungeon |   3828 |   3758 |     70 |   1499 |   1542 |   6 |  638.0 |
               +--------+--------+--------+--------+--------+-----+--------+

Top non-repeatable levels by time:
     D:4: 1007 daAuts
     D:2: 984 daAuts
     D:3: 651 daAuts
     D:5: 602 daAuts
     D:1: 581 daAuts
     D:6: 1 daAuts
